 Dungeon Crawl Stone Soup version 0.26-a0-611-g354ed81 (webtiles) character file.

Game seed: 1953652406711725520

1 Boetheseconed the Sneak (level 1, -3/17 HPs)
             Began as a Demigod Wanderer on Sept 7, 2020.
             Slain by a hobgoblin
             ... wielding a +0 club
              (5 damage)
             ... on level 1 of the Dungeon.
             The game lasted 00:00:54 (32 turns).

Boetheseconed the Sneak (Demigod Wanderer)            Turns: 32, Time: 00:00:54

Health: -3/17      AC:  2    Str: 15    XL:     1   Next: 13%
Magic:  4/4        EV: 12    Int: 17    God:
Gold:   0          SH:  0    Dex: 14    Spells: 2/2 levels left

rFire    . . .     SeeInvis .   a - +0 club
rCold    . . .     Faith    .   (no shield)
rNeg     . . .     Spirit   .   d - +0 robe
rPois    .         Reflect  .   (no helmet)
rElec    .         Harm     .   (no cloak)
rCorr    .                      (no gloves)
MR       .....                  (no boots)
Stlth    ++........             (no amulet)
HPRegen  0.05/turn              (no ring)
MPRegen  0.09/turn              (no ring)

@: no status effects
A: high mp 1
a: no special abilities


You were on level 1 of the Dungeon.
You visited 1 branch of the dungeon, and saw 1 of its levels.

Inventory:

Hand Weapons
 a - a +0 club (weapon)
 f - a +0 dagger
Armour
 d - a +0 robe (worn)
Potions
 c - a potion of curing


   Skills:
 + Level 1.8 Fighting
 + Level 1.0 Dodging
 + Level 1.8 Stealth
 + Level 1.0 Unarmed Combat
 + Level 1.0 Spellcasting
   Level 1.0 Summonings
   Level 1.0 Air Magic
   Level 1.0 Evocations


You had 2 spell levels left.
You didn't know any spells.
Your spell library contained the following spells:

 Spells                   Type           Power        Failure   Level
 Summon Small Mammal      Summ           #...         14%         1
 Corona                   Hex            #......      22%         1
 Call Imp                 Summ           #.......     22%         2
 Call Canine Familiar     Summ           #.......     38%         3
 Summon Guardian Golem    Hex/Summ       #.......     45%         3
 Inner Flame              Hex/Fire       #.......     54%         3
 Summon Lightning Spire   Summ/Air       #.......     80%         4
 Summon Ice Beast         Ice/Summ       #.......     86%         4


Dungeon Overview and Level Annotations

Branches:
Dungeon (1/15)


Innate Abilities, Weirdness & Mutations

You have an increased reservoir of magic. (+10% MP)


Message History

The hobgoblin barely misses you. The hobgoblin closely misses you.
The goblin barely misses you.
You closely miss the hobgoblin.
The hobgoblin is severely wounded.
The hobgoblin completely misses you.
The hobgoblin hits you but does no damage.
The goblin barely misses you.
The hobgoblin hits you but does no damage.
You hit the hobgoblin but do no damage.
The hobgoblin is severely wounded.
The hobgoblin barely misses you. The goblin closely misses you.
The hobgoblin misses you. The goblin barely misses you.
The hobgoblin hits you with a +0 club.
* * * LOW HITPOINT WARNING * * *
You hit the hobgoblin.
You kill the hobgoblin!
The goblin closely misses you. The hobgoblin hits you with a +0 club.
* * * LOW HITPOINT WARNING * * *
The hobgoblin hits you with a +0 club.
You die...

≈≈≈≈≈≈≈≈≈≈≈≈#
≈≈≈≈≈≈≈≈≈≈≈≈#
...........#
.⌠⌠⌠(⌠⌠⌠.8.#
...........#
+###+###'###
#.......#
#.####.####.#
.......@g...#
######..g.###
#........
##....####
#....# #....#
#....# #....#


You could see a hobgoblin and a goblin.

Vanquished Creatures
  A hobgoblin (D:1)
1 creature vanquished.

Notes
Turn   | Place    | Note
-------+----------+-------------------------------------------
     0 | D:1      | Boetheseconed the Demigod Wanderer began the quest for the
                  | Orb.
     0 | D:1      | Boetheseconed set off with the following items: a +0 club,
                  | a potion of curing, a +0 robe, a +0 dagger; and the
                  | following spells available to memorise: Summon Small
                  | Mammal, Corona, Call Imp, Call Canine Familiar, Summon
                  | Guardian Golem, Inner Flame, Summon Lightning Spire, Summon
                  | Ice Beast
     0 | D:1      | Reached XP level 1. HP: 17/17 MP: 4/4
    32 | D:1      | Slain by a hobgoblin

Illustrated notes

Levels and vault maps discovered:
D:1:      zaba_arrival_water, layout_basic

Action                   || total
-------------------------++-------
Melee: Club              ||     9
Armor: Robe              ||     1
Dodge: Dodged            ||    18

Table legend: (Time is in decaauts)
 A = Elapsed time spent in this place.
 B = Non-inter-level travel time spent in this place.
 C = Inter-level travel time spent in this place.
 D = Time resting spent in this place.
 E = Time spent auto-exploring this place.
 F = Levels seen in this place.
 G = Mean time per level.
                   A        B        C        D        E       F      G
               +--------+--------+--------+--------+--------+-----+--------+
         Total |     41 |     41 |      0 |      0 |     22 |   1 |   41.0 |
       Dungeon |     41 |     41 |      0 |      0 |     22 |   1 |   41.0 |
               +--------+--------+--------+--------+--------+-----+--------+

Top non-repeatable levels by time:
     D:1: 41 daAuts
